 Dungeon Crawl Stone Soup version 0.31-a0-165-g3f4f80340b (webtiles) character file.

Game seed: 10771726322915422344

228 qw the Shooter (level 6, 0/38 HPs)
             Began as a Gargoyle Hunter on June 13, 2023.
             Slain by Pargi (2 damage)
             ... on level 3 of the Dungeon.
             The game lasted 00:00:48 (1603 turns).

qw the Shooter (Gargoyle Hunter)                    Turns: 1603, Time: 00:00:48

Health: 0/38       AC: 10    Str: 14    XL:     6   Next: 2%
Magic:  6/6        EV: 11    Int: 10    God:
Gold:   69         SH:  0    Dex: 15    Spells: 5/5 levels left

rFire   + . .        Y - +0 shortbow
rCold   . . .        (shield currently unavailable)
rNeg    + . .        e - +0 ring mail
rPois   inf          (no helmet)
rElec   +            (no cloak)
rCorr   .            a - +0 pair of gloves
SInv    .            (no boots)
Will    .....        (no amulet)
Stlth   +            b - ring of protection from fire
HPRegen 0.26/turn    (no ring)
MPRegen 0.10/turn

%: no passive effects
@: no status effects
A: sickness immunity, AC +4, negative energy resistance 1, electricity
resistance, torment resistance 1, petrification resistance
a: no special abilities


You were on level 3 of the Dungeon.
You visited 1 branch of the dungeon, and saw 3 of its levels.

You collected 69 gold pieces.


Innate Abilities, Weirdness & Mutations

You are immune to sickness and miasma.
Your stone body is resilient. (AC +4)
You are immune to poison.
You resist negative energy. (rN+)
You are resistant to electric shocks. (rElec)
You are resistant to unholy torment.
You are immune to petrification.


   Skills:
 + Level 3.9 Fighting
 - Level 6.1 Ranged Weapons
 - Level 1.5 Armour
 - Level 1.5 Dodging
 - Level 1.1 Stealth


You had 5 spell levels left.
You didn't know any spells.
Your spell library was empty.

Inventory:

Hand Weapons
 Y - a +0 shortbow (weapon)
Armour
 a - a +0 pair of gloves (worn)
 e - a +0 ring mail (worn)
Jewellery
 b - a ring of protection from fire (left hand)
Potions
 d - a potion of degeneration {unknown}
 f - a potion of heal wounds {unknown}

Dungeon Overview and Level Annotations

Branches:
Dungeon (3/15)

Altars:

Shops:
D:1 :

Annotations:
D:3 Pargi


Message History

You shoot an arrow. The arrow barely misses Pargi.
Pargi bites you but does no damage. Pargi barely misses you.
Pargi claws you but does no damage. Pargi bites you but does no damage.
Pargi closely misses you. Pargi claws you but does no damage.
You shoot an arrow. The arrow hits Pargi.
Pargi is lightly wounded.
Pargi bites you but does no damage. Pargi closely misses you.
Pargi claws you but does no damage.
You shoot an arrow. The arrow hits Pargi.
Pargi is lightly wounded.
Pargi bites you. Pargi barely misses you. Pargi claws you.
You shoot an arrow. The arrow hits Pargi!
Pargi is moderately wounded.
Pargi looks around nervously.
Pargi bites you but does no damage. Pargi claws you but does no damage. x2
You shoot an arrow. The arrow hits Pargi!
Pargi is heavily wounded.
Pargi bites you. Pargi barely misses you. Pargi claws you.
You shoot an arrow. The arrow hits Pargi.
Pargi is severely wounded.
Pargi bites you. Pargi barely misses you. Pargi claws you but does no damage.
Pargi misses you. Pargi claws you. Pargi claws you but does no damage.
You shoot an arrow. The arrow closely misses Pargi.
Pargi bites you. Pargi claws you but does no damage. x2
You shoot an arrow. The arrow barely misses Pargi.
Pargi bites you. Pargi claws you but does no damage. x2
You shoot an arrow. The arrow hits Pargi!
Pargi is severely wounded.
Pargi closely misses you. x2; Pargi claws you but does no damage.
You shoot an arrow. The arrow completely misses Pargi.
Pargi bites you but does no damage. Pargi closely misses you.
Pargi claws you but does no damage.
You shoot an arrow. The arrow hits Pargi.
Pargi is almost dead.
Pargi bites you but does no damage. Pargi misses you.
Pargi claws you but does no damage.
You shoot an arrow. The arrow hits Pargi.
Pargi is almost dead.
Pargi bites you. Pargi claws you.
You die...

.#%##.##.#.## #
.#......#.#.####.#
......#..###.....#
##.#....## ##.####
#...#%## ##.# #.####.##
##.## ##
.........###:## ..
##.#####..#.##
####.##.# #.# #...##
#@T...... #...#
#.##....# #...# #.# ...
#...# ###.###..##
..#####...###........%.
.................#.....
.......%%..............
...........####....###.
#######...## #....#


You could see Pargi.

Vanquished Creatures
  A hound (D:3)
  Jessica (D:3)
  Natasha (thrice) (D:2)
  A gnoll (D:1)
  3 adders
  A worm (D:2)
  A dart slug (D:2)
  4 endoplasms
  2 giant cockroaches (D:1)
  5 goblins
  11 hobgoblins
  6 jackals
  7 ball pythons
  3 bats
  3 kobolds
  5 rats
57 creatures vanquished.

Notes
Turn   | Place    | Note
-------+----------+-------------------------------------------
     0 | D:1      | qw the Gargoyle Hunter began the quest for the Orb.
     0 | D:1      | Reached XP level 1. HP: 12/12 MP: 1/1
     0 | D:1      | 0 ||| qw: Version: 0.2-a-29-gc1b59c4
     0 | D:1      | 0 ||| qw: Game counter: 4680
     0 | D:1      | 0 ||| qw: Always use a shield: true
     0 | D:1      | 0 ||| qw: God list: Okawaru
     0 | D:1      | 0 ||| qw: Allow faded altars: false
     0 | D:1      | 0 ||| qw: Do Orc after D:15 true
     0 | D:1      | 0 ||| qw: Do second Lair branch before Depths: true
     0 | D:1      | 0 ||| qw: Lair rune preference: random
     0 | D:1      | 0 ||| qw: Plans: Normal, Zot:1-4, Slime:5, God:TSO, Crypt,
                  | Tomb, Abyss, Pan, Hells, Win
     0 | D:1      | 0 ||| PLANNING D:1-11
    81 | D:1      | Reached XP level 2. HP: 16/17 MP: 2/2
    93 | D:1      | Found Matel's Book Boutique.
   184 | D:1      | Found a faded altar of an unknown god.
   208 | D:1      | HP: 2/17 [gnoll/+0 spear (8)]
   210 | D:1      | Reached skill level 5 in Ranged Weapons
   210 | D:1      | Reached XP level 3. HP: 3/21 MP: 3/3
   627 | D:1      | 627 ||| READING scroll labelled WYIGRU OGAEDWINK.
   632 | D:1      | 632 ||| DROPPING scroll of butterflies.
   752 | D:2      | Identified the +8 mace of the Ninety-Nine Allies {drain,
                  | rN+}
   774 | D:2      | Reached skill level 3 in Fighting
   774 | D:2      | Reached XP level 4. HP: 28/28 MP: 4/4
   941 | D:2      | Noticed Natasha
   950 | D:2      | Killed Natasha
  1224 | D:2      | Noticed Natasha
  1227 | D:2      | Killed Natasha
  1228 | D:2      | Reached XP level 5. HP: 32/32 MP: 5/5
  1245 | D:2      | Noticed Natasha
  1265 | D:2      | Killed Natasha
  1266 | D:2      | Reached skill level 6 in Ranged Weapons
  1448 | D:2      | 1448 ||| UPGRADING to +0 pair of gloves.
  1453 | D:2      | 1453 ||| UPGRADING to +0 ring mail.
  1463 | D:2      | 1463 ||| DROPPING +0 leather armour.
  1464 | D:2      | 1464 ||| UPGRADING to ring of protection from fire.
  1465 | D:2      | 1465 ||| READING scroll labelled ZIGHATZ PUUN.
  1466 | D:2      | 1466 ||| READING scroll labelled GURUDU YF VORCH.
  1495 | D:3      | Reached skill level 1 in Armour
  1569 | D:3      | Noticed Jessica
  1570 | D:3      | Noticed Pargi
  1573 | D:3      | Killed Jessica
  1574 | D:3      | Reached XP level 6. HP: 38/38 MP: 6/6
  1596 | D:3      | HP: 8/38 [Pargi (3)]
  1603 | D:3      | HP: 2/38 [Pargi (3)]
  1603 | D:3      | Slain by Pargi

Levels and vault maps discovered:
D:1:      amcnicky_arrival_flooded_fountain, layout_rooms, serial_shops, shop,
          ebering_ecumenical_altar_mist
D:2:      layout_basic, uniq_natasha
D:3:      layout_loops_cross, uniq_jessica, uniq_crazy_yiuf_cottage, uniq_pargi

Skill      XL: |  1  2  3  4  5 |
---------------+----------------+-----
Ranged Weapons | 5 6 |  6.1
Fighting       | 3 |  3.9
Armour         | 1 |  1.5
Dodging        | |  1.5
Stealth        | |  1.1

Action                     |  1- 3 |  4- 6 || total
---------------------------+-------+-------++-------
   Fire: Shortbow          |   106 |   130 ||   236
    Use: Scroll            |     1 |     2 ||     3
 Armour: Leather armour    |    16 |     9 ||    25
         Ring mail         |       |    55 ||    55
  Dodge: Dodged            |    15 |    76 ||    91

Table legend:
 A = Non-vault XP
 B = Vault XP
 C = Vault XP percentage of total XP
 D = Non-vault monster count
 E = Vault monster count
 F = Vault count percentage of total count
                 A         B        C        D         E       F
            +---------+---------+-------+---------+---------+-------
      Total |     255 |      72 |  22.0 |      55 |       2 |   3.5
            +---------+---------+-------+---------+---------+-------
        D:1 |      64 |       0 |   0.0 |      31 |       0 |   0.0
        D:2 |     127 |      35 |  21.6 |      18 |       1 |   5.3
        D:3 |      64 |      37 |  36.6 |       6 |       1 |  14.3
            +---------+---------+-------+---------+---------+-------
